 Dungeon Crawl Stone Soup version 0.23-a0-335-gba3dfdf (webtiles) character file.

621 Garbasso the Charlatan (level 7, 0/52 HPs)
             Began as a Gnoll Artificer on Oct 17, 2018.
             Slain by an orc priest
             ... wielding a +0 flail
              (1 damage)
             ... on level 4 of the Dungeon.
             The game lasted 00:15:09 (2701 turns).

Garbasso the Charlatan (Gnoll Artificer)            Turns: 2701, Time: 00:15:10

Health: 0/52       AC: 10    Str: 16    XL:     7   Next: 46%
Magic:  12/12      EV:  9    Int: 14    God:
Gold:   76         SH:  0    Dex: 15    Spells: 10/10 levels left

rFire    . . .     SeeInvis .   u - +0 trident
rCold    . . .     Gourm    .   (no shield)
rNeg     . . .     Faith    .   x - +0 chain mail
rPois    .         Spirit   .   (no helmet)
rElec    .         Reflect  .   (no cloak)
rCorr    .         Harm     .   w - +0 pair of gloves (curse)
MR       .....                  (no boots)
Stlth    ..........             (no amulet)
HPRegen  0.17/turn              (no ring)
MPRegen  0.13/turn              (no ring)

@: no status effects
A: distributed training, fangs 1, strong nose
a: no special abilities


You were on level 4 of the Dungeon.
You were not hungry.

You visited 1 branch of the dungeon, and saw 5 of its levels.

You collected 76 gold pieces.

Inventory:

Hand Weapons
 u - a +0 trident (weapon)
Missiles
 g - 4 tomahawks (quivered)
Armour
 w - a cursed +0 pair of gloves (worn)
 x - a +0 chain mail (worn)
Wands
 c - a wand of flame (7)
 d - a wand of enslavement (11)
 e - a wand of random effects (7)
Scrolls
 i - 2 scrolls of identify {unknown}
 j - a scroll of random uselessness {unknown}
 m - a scroll of fog {unknown}
 o - a scroll of immolation {unknown}
 p - a scroll of noise {unknown}
 q - a scroll of enchant weapon {unknown}
 t - 3 scrolls of teleportation {unknown}
 v - 2 scrolls of remove curse {unknown}
Potions
 a - a potion of brilliance {unknown}
 b - 2 potions of mutation {unknown}
 h - 2 potions of flight {unknown}
 n - 3 potions of heal wounds {unknown}
 r - 2 potions of ambrosia {unknown}
 s - a potion of curing {unknown}
Comestibles
 f - 2 rations
 l - 7 chunks of flesh


   Skills:
 + Level 3.6 Fighting
 + Level 3.6 Short Blades
 + Level 2.4 Long Blades
 + Level 2.4 Axes
 + Level 2.4 Maces & Flails
 + Level 2.4 Polearms
 + Level 2.4 Staves
 + Level 2.4 Slings
 + Level 2.4 Bows
 + Level 2.4 Crossbows
 + Level 2.4 Throwing
 + Level 2.4 Armour
 + Level 5.2 Dodging
 + Level 3.4 Stealth
 + Level 2.4 Shields
 + Level 2.4 Unarmed Combat
 + Level 2.4 Spellcasting
 + Level 2.0 Conjurations
 + Level 2.0 Hexes
 + Level 2.0 Charms
 + Level 2.0 Summonings
 + Level 2.0 Necromancy
 + Level 2.0 Translocations
 + Level 2.0 Transmutations
 + Level 2.0 Fire Magic
 + Level 2.0 Ice Magic
 + Level 2.0 Air Magic
 + Level 2.0 Earth Magic
 + Level 2.0 Poison Magic
 + Level 2.7 Invocations
 + Level 7.0 Evocations


You had 10 spell levels left.
You didn't know any spells.
Your spell library was empty.

Dungeon Overview and Level Annotations

Branches:
Dungeon (5/15)
 Temple: D:4-7

Altars:


Innate Abilities, Weirdness & Mutations

Your experience applies equally to all skills.
You have very sharp teeth.
Your uncanny sense of smell can sniff out nearby items.


Message History

The orc priest is almost dead.
The orc priest barely misses you.
You hit the orc priest but do no damage.
The orc priest is almost dead.
The orc priest mumbles some strange prayers to Beogh against you.
Beogh smites you!
* * * LOW HITPOINT WARNING * * *
You hit the orc priest but do no damage.
Your bite misses the orc priest.
The orc priest is almost dead.
The orc priest barely misses you.
You barely miss the orc priest.
The orc priest is almost dead.
The orc priest mumbles some strange prayers to Beogh against you.
Pain shoots through your body!
* * * LOW HITPOINT WARNING * * *
You hit the orc priest but do no damage.
The orc priest is almost dead.
The orc priest hits you with a +0 flail.
You die...

#.#.#.#
######.#.#.#
#....#.#.#.#
#.##.#.#.#
#.#......#
#.#......#
#.#.##.#.#
#.#..#.#.#
##.##@#.#.#
..##..##o#...#
#......))#####
#..##(##....o..#
# #.####### #.#
..# ..# ..#


You could see an orc priest.

Vanquished Creatures
  Dowan (D:4)
  Purgy (D:4)
  2 orc wizards (D:4)
  An adder (D:3)
  2 oozes
  4 dart slugs
  4 leopard geckos
  11 orcs
  3 bats (D:1)
  8 giant cockroaches
  3 goblins (D:3)
  5 hobgoblins
  A quokka (D:3)
  2 frilled lizards
  6 kobolds
  5 rats
59 creatures vanquished.

Vanquished Creatures (collateral kills)
  Menkaure (D:4)
  Duvessa (D:4)
  A centaur skeleton (D:4)
  A worm (D:4)
4 creatures vanquished.

Vanquished Creatures (others)
  An orc (D:4)
1 creature vanquished.

Grand Total: 64 creatures vanquished

Notes
Turn   | Place    | Note
-------+----------+-------------------------------------------
     0 | D:1      | Garbasso the Gnoll Artificer began the quest for the Orb.
     0 | D:1      | Reached XP level 1. HP: 17/17 MP: 4/4
   174 | D:1      | Reached XP level 2. HP: 22/23 MP: 6/6
   486 | D:1      | Reached XP level 3. HP: 28/28 MP: 7/7
  1388 | D:3      | You fall through a shaft for 2 floors!
  1388 | D:5      | Entered Level 5 of the Dungeon
  1396 | D:4      | Noticed Duvessa
  1402 | D:4      | Noticed Dowan
  1404 | D:4      | Reached skill level 1 in Long Blades
  1404 | D:4      | Reached skill level 1 in Axes
  1404 | D:4      | Reached skill level 1 in Maces & Flails
  1404 | D:4      | Reached skill level 1 in Polearms
  1404 | D:4      | Reached skill level 1 in Staves
  1404 | D:4      | Reached skill level 1 in Slings
  1404 | D:4      | Reached skill level 1 in Bows
  1404 | D:4      | Reached skill level 1 in Crossbows
  1404 | D:4      | Reached skill level 1 in Throwing
  1404 | D:4      | Reached skill level 1 in Armour
  1404 | D:4      | Reached skill level 1 in Shields
  1404 | D:4      | Reached skill level 1 in Unarmed Combat
  1404 | D:4      | Reached skill level 1 in Spellcasting
  1404 | D:4      | Reached skill level 1 in Invocations
  1408 | D:4      | Reached XP level 4. HP: 34/34 MP: 8/8
  1413 | D:4      | Noticed Menkaure
  1424 | D:4      | Killed Menkaure
  1424 | D:4      | Reached skill level 1 in Conjurations
  1424 | D:4      | Reached skill level 1 in Hexes
  1424 | D:4      | Reached skill level 1 in Charms
  1424 | D:4      | Reached skill level 1 in Summonings
  1424 | D:4      | Reached skill level 1 in Necromancy
  1424 | D:4      | Reached skill level 1 in Translocations
  1424 | D:4      | Reached skill level 1 in Transmutations
  1424 | D:4      | Reached skill level 1 in Fire Magic
  1424 | D:4      | Reached skill level 1 in Ice Magic
  1424 | D:4      | Reached skill level 1 in Air Magic
  1424 | D:4      | Reached skill level 1 in Earth Magic
  1424 | D:4      | Reached skill level 1 in Poison Magic
  1424 | D:4      | Reached XP level 5. HP: 31/40 MP: 8/10
  1443 | D:4      | Killed Duvessa
  1727 | D:4      | Killed Dowan
  1727 | D:4      | Reached skill level 5 in Dodging
  1727 | D:4      | Reached XP level 6. HP: 24/47 MP: 11/11
  1757 | D:4      | Upgraded the game from 0.23-a0-333-g006994f to
                  | 0.23-a0-335-gba3dfdf
  2084 | D:3      | Reached XP level 7. HP: 52/52 MP: 12/12
  2665 | D:4      | Noticed Purgy
  2670 | D:4      | Killed Purgy
  2670 | D:4      | Reached skill level 7 in Evocations
  2700 | D:4      | HP: 1/52 [orc priest/nerve-wracking pain (13)]
  2701 | D:4      | Slain by an orc priest

Vault maps used:
D:1:      minmay_arrival_widening_spiral_wide, minmay_misc_feat_rugged
D:2:      minmay_misc_feat_rows
D:4:      nicolae_dithmenos_shadow_blocks, minmay_temple_entry_glassed_door,
          portal_sewer_entry_e, item_on_display_a, uniq_duvessa, uniq_sigmund,
          uniq_menkaure, uniq_purgy
D:5:      first_ration, minmay_misc_feat_nine_boxes,
          chequers_serial_rivers_small_3, uniq_eustachio

Skill      XL: |  1  2  3  4  5  6  7 |
---------------+----------------------+-----
Long Blades    | 1 2 |  2.4
Axes           | 1 2 |  2.4
Maces & Flails | 1 2 |  2.4
Polearms       | 1 2 |  2.4
Staves         | 1 2 |  2.4
Slings         | 1 2 |  2.4
Bows           | 1 2 |  2.4
Crossbows      | 1 2 |  2.4
Throwing       | 1 2 |  2.4
Armour         | 1 2 |  2.4
Shields        | 1 2 |  2.4
Unarmed Combat | 1 2 |  2.4
Spellcasting   | 1 2 |  2.4
Invocations    | 1 2 |  2.7
Conjurations   | 1 2 |  2.0
Hexes          | 1 2 |  2.0
Charms         | 1 2 |  2.0
Summonings     | 1 2 |  2.0
Necromancy     | 1 2 |  2.0
Translocations | 1 2 |  2.0
Transmutations | 1 2 |  2.0
Fire Magic     | 1 2 |  2.0
Ice Magic      | 1 2 |  2.0
Air Magic      | 1 2 |  2.0
Earth Magic    | 1 2 |  2.0
Poison Magic   | 1 2 |  2.0
Fighting       | 3 |  3.6
Short Blades   | 3 |  3.6
Dodging        | 5 |  5.2
Stealth        | 3 |  3.4
Evocations     | 7 |  7.0

Action                   |  1- 3 |  4- 6 |  7- 9 || total
-------------------------+-------+-------+-------++-------
Melee: Short sword       |    90 |    43 |       ||   133
       Bite              |     9 |     9 |     8 ||    26
       Trident           |       |     2 |   107 ||   109
Throw: Tomahawk          |    14 |     4 |     2 ||    20
Evoke: Wand              |     1 |    14 |     5 ||    20
 Stab: Sleeping          |       |       |     1 ||     1
  Eat: Chunk             |     1 |     3 |     2 ||     6
Armor: Scale mail        |    31 |    17 |    26 ||    74
       Chain mail        |       |       |     5 ||     5
Dodge: Dodged            |    50 |    17 |    36 ||   103

Table legend:
 A = Non-vault XP
 B = Vault XP
 C = Vault XP percentage of total XP
 D = Non-vault monster count
 E = Vault monster count
 F = Vault count percentage of total count
                 A         B        C        D         E       F
            +---------+---------+-------+---------+---------+-------
      Total |     241 |     647 |  72.9 |      59 |       4 |   6.3
            +---------+---------+-------+---------+---------+-------
        D:1 |      39 |       0 |   0.0 |      19 |       0 |   0.0
        D:2 |      11 |       0 |   0.0 |       5 |       0 |   0.0
        D:3 |      73 |       0 |   0.0 |      25 |       0 |   0.0
        D:4 |     118 |     647 |  84.6 |      10 |       4 |  28.6
            +---------+---------+-------+---------+---------+-------
